Map: Ulrena

Players

LindyHop

  • Race: Zerg Zerg
  • League: Platinum

Joker - Winner!

  • Race: Terran Terran
  • League: Diamond

VOD

Have the link to the VOD?

Description

Time

  • Played on: Jan. 16, 2016, 9:35 p.m.
  • Length: 9:37
Show
View Real Time Build Order
Export as new Build Order

LindyHop Zerg 

Build Orders: Hatch First 

Get SALT Encoding   

  12  0:02  Drone  
  13  0:12  Overlord  
  13  0:18  Drone  
  14  0:30  Drone x2  
  14  0:35  Drone  
  17  0:54  Hatchery  
  17  0:57  Drone  
  17  1:11  Spawning Pool  
  17  1:14  Drone  
  17  1:18  Extractor  
  17  1:20  Drone  
  17  1:21  Drone  
  18  1:32  Drone  
  19  1:43  Drone  
  20  1:51  Drone  
  21  2:01  Roach Warren, Queen  
  22  2:03  Overlord  
  22  2:20  Metabolic Boost  
  22  2:24  Zergling x8  
  22  2:29  Zergling x2  
  27  2:32  Zergling x2  
  28  2:49  Zergling x2  
  31  2:54  Spine Crawler  
  28  3:01  Overlord  
  27  3:13  Overlord x2  
  27  3:16  Spine Crawler  
  26  3:20  Zergling x2  
  27  3:29  Overlord  
  27  3:46  Spine Crawler  
  27  3:48  Overlord  
  26  3:59  Zergling x10  
  31  4:09  Roach  
  33  4:11  Baneling Nest  
  30  4:20  Roach x2  
  33  4:31  Roach x2  
  37  4:53  Overlord  
  37  4:54  Overlord  
  37  4:57  Baneling  
  37  4:58  Baneling x2  
  37  4:59  Baneling x2  
  37  5:02  Drone  
  37  5:22  Roach x2  
  37  5:23  Roach  
  43  5:37  Drone  
  43  5:40  Extractor  
  43  5:45  Drone  
  43  5:48  Drone x2  
  46  5:51  Drone  
  47  6:00  Drone  
  48  6:14  Overlord  
  48  6:16  Lair  
  49  6:18  Zergling x2  
  49  6:25  Zergling x4  
  51  6:29  Overlord  
  51  6:44  Zergling x2  
  51  6:45  Zergling x2  
  53  6:51  Evolution Chamber  
  52  6:58  Zergling x2  
  53  7:04  Zergling x2  
  53  7:05  Zergling x4  
  56  7:09  Zergling x2  
  56  7:14  Spore Crawler  
  56  7:23  Spire  
  56  7:24  Zergling x2  
  56  7:30  Zergling x2  
  56  7:32  Zergling x2  
  58  7:40  Overlord  
  54  8:11  Zergling x12  
  49  8:54  Hatchery  
  47  9:00  Baneling  
  47  9:01  Baneling x6  
  47  9:02  Baneling x3  
Show
View Real Time Build Order
Export as new Build Order

Joker Terran - Winner!

Build Orders: MMM Bio 

Get SALT Encoding   

  12  0:01  SCV  
  13  0:18  Supply Depot, SCV  
  14  0:30  SCV  
  15  0:42  SCV  
  16  1:06  Barracks x2  
  16  1:08  Barracks  
  16  1:12  SCV  
  17  1:24  Supply Depot, SCV  
  18  1:38  SCV  
  19  1:46  Supply Depot  
  19  1:50  SCV  
  19  1:53  Marine  
  19  1:54  Marine  
  21  1:55  Marine  
  23  2:11  Marine  
  23  2:12  Marine x2  
  26  2:18  Orbital Command  
  26  2:28  Marine  
  26  2:29  Marine  
  27  2:30  Marine  
  29  2:39  Bunker  
  29  2:54  Marine x3  
  32  3:03  Bunker  
  32  3:12  Marine x3  
  35  3:30  Marine x3  
  35  3:32  Command Center  
  38  3:57  Command Center  
  38  4:09  Refinery  
  38  4:10  Refinery  
  38  4:16  Marine  
  39  4:21  Supply Depot  
  41  4:52  Bunker  
  39  4:54  Bunker  
  39  4:59  SCV  
  40  5:07  Bunker  
  40  5:11  SCV  
  41  5:19  Bunker  
  41  5:23  SCV  
  42  5:29  Orbital Command  
  42  5:34  Refinery  
  42  5:35  SCV, Refinery  
  43  5:36  Factory  
  43  5:47  SCV  
  44  5:55  SCV  
  45  5:58  Barracks Tech Lab  
  45  5:59  SCV  
  45  6:00  Barracks Reactor  
  45  6:01  Orbital Command  
  45  6:02  Barracks Tech Lab  
  46  6:07  SCV  
  47  6:19  SCV  
  47  6:20  Starport, Factory Reactor  
  47  6:23  Stimpack  
  48  6:29  SCV  
  48  6:31  SCV  
  50  6:34  Marauder  
  50  6:39  Marauder  
  54  6:41  SCV  
  55  6:49  Marine x2  
  55  6:51  SCV  
  58  6:55  SCV  
  58  6:56  Marauder  
  58  7:01  Widow Mine, Starport Reactor  
  61  7:03  Widow Mine  
  61  7:05  SCV  
  66  7:08  SCV  
  66  7:10  SCV  
  68  7:20  Supply Depot  
  68  7:22  Supply Depot  
  68  7:23  Combat Shields  
  68  7:25  Marine x3  
  68  7:26  Liberator  
  68  7:29  Marauder  
  73  7:31  SCV  
  74  7:40  Supply Depot  
  74  7:41  Viking  
  74  7:44  Widow Mine  
  79  7:49  Marauder  
  84  7:51  SCV  
  84  7:53  SCV  
  85  8:03  SCV  
  86  8:05  SCV  
  86  8:07  Supply Depot, Widow Mine  
  86  8:12  Widow Mine  
  77  8:22  SCV  
  78  8:34  Command Center, SCV, Marauder x2, Marine x2  
  82  8:38  Factory  
  82  8:39  Factory  
  85  8:42  SCV  
  86  8:51  Engineering Bay  
  86  8:54  SCV  
  87  8:57  Supply Depot  
  87  9:00  Hellion x2  
  91  9:04  Armory  
  91  9:05  Medivac x2  
Tags
 
Composition
MMM Bio
Matchup
TvZ
Add a new tag
Caveats
  • Supply blocks, unpowered buildings, or Contaminate may cause inaccurate times.
  • Supply counts are checked every 10 seconds.